Map: King's Cove LE

Players

eonblu

  • Race: Zerg Zerg
  • League: Grandmaster
  • Spawn Location: 5:00

Elazer - Winner!

  • Race: Zerg Zerg
  • League: Grandmaster
  • Spawn Location: 11:00

Event: HomeStory Cup XIX

VOD

Have the link to the VOD?

Description

Time

  • Played on: June 28, 2019, 9:39 a.m.
  • Length: 8:49

All games in this series

Show
View Real Time Build Order
Export as new Build Order

eonblu Zerg 

Build Orders: Hatch First 

Get SALT Encoding   

  12  0:02  Drone  
  13  0:13  Overlord  
  13  0:18  Drone  
  14  0:31  Drone x2  
  16  0:50  Hatchery  
  16  0:53  Drone  
  16  0:56  Drone  
  17  1:00  Drone  
  18  1:10  Extractor  
  17  1:15  Spawning Pool  
  17  1:18  Drone  
  17  1:22  Drone  
  18  1:29  Drone  
  19  1:40  Drone  
  20  1:50  Overlord  
  20  2:01  Drone  
  20  2:02  Queen x2  
  20  2:03  Drone  
  26  2:12  Metabolic Boost  
  26  2:17  Drone  
  26  2:18  Drone  
  28  2:33  Hatchery  
  28  2:36  Zergling x2  
  28  2:38  Zergling x2  
  28  2:41  Drone  
  30  2:48  Baneling Nest  
  30  2:51  Overlord  
  29  2:56  Drone  
  29  2:57  Drone  
  31  2:58  Drone  
  31  3:01  Drone  
  32  3:06  Drone  
  32  3:10  Drone x2  
  32  3:12  Zergling x2  
  36  3:15  Zergling x2  
  36  3:18  Zergling x2  
  36  3:19  Zergling x2  
  39  3:23  Overlord  
  39  3:26  Drone  
  40  3:28  Drone  
  40  3:30  Drone  
  42  3:35  Baneling x2  
  42  3:37  Drone  
  43  3:45  Drone  
  43  3:46  Evolution Chamber  
  43  3:47  Overlord  
  43  3:49  Drone x3  
  43  3:50  Drone  
  43  3:53  Drone  
  48  3:58  Drone x2  
  50  4:06  Zergling x4  
  50  4:07  Zergling x4  
  52  4:12  Zerg Missile Weapons Level 1  
  52  4:16  Drone, Extractor x2  
  51  4:17  Drone  
  51  4:18  Roach Warren  
  51  4:19  Drone  
  51  4:20  Baneling x2  
  51  4:23  Drone  
  51  4:24  Drone  
  54  4:27  Drone x2  
  51  4:39  Zergling x4  
  51  4:40  Zergling x8  
  56  4:48  Queen  
  56  4:49  Overlord  
  58  4:53  Baneling x2  
  58  4:56  Overlord  
  58  4:57  Overlord  
  58  5:00  Lair  
  54  5:08  Zergling x2  
  54  5:09  Zergling x10  
  60  5:14  Drone x4  
  64  5:24  Overlord  
  62  5:30  Drone x6  
  62  5:31  Extractor  
  62  5:32  Drone  
  62  5:33  Extractor  
  67  5:44  Drone x3  
  67  5:48  Overlord x2  
  69  5:54  Roach x3  
  70  6:00  Glial Reconstitution  
  70  6:03  Evolution Chamber, Roach  
  70  6:04  Roach x4  
  79  6:08  Pneumatized Carapace  
  79  6:10  Overlord  
  79  6:12  Drone  
  79  6:14  Drone  
  79  6:15  Drone  
  79  6:17  Drone  
  83  6:20  Drone x2  
  83  6:21  Drone  
  83  6:24  Drone x2  
  88  6:28  Ravager  
  88  6:29  Ravager x3  
  88  6:30  Drone  
  93  6:33  Overseer  
  93  6:34  Roach  
  93  6:35  Roach  
  97  6:41  Roach x6  
  113  6:48  Overlord x2  
  109  7:03  Overlord x2  
  109  7:06  Extractor  
  108  7:12  Overlord  
  108  7:13  Overlord  
  108  7:14  Overlord x2  
  108  7:15  Overlord  
  108  7:19  Hatchery  
  108  7:20  Roach x3  
  108  7:21  Roach  
  115  7:27  Nydus Network  
  115  7:28  Drone x3  
  117  7:38  Queen  
  116  7:47  Roach x8  
  132  7:58  Roach x5  
  126  8:05  Drone x3  
  126  8:06  Drone x3  
  126  8:10  Roach x6  
  143  8:14  Ravager x4  
  143  8:15  Ravager  
  133  8:28  Roach x5  
  133  8:29  Roach x2  
Show
View Real Time Build Order
Export as new Build Order

Elazer Zerg - Winner!

Build Orders: Hatch First 

Get SALT Encoding   

  12  0:01  Drone  
  13  0:12  Overlord  
  13  0:18  Drone  
  14  0:30  Drone x2  
  16  0:49  Hatchery  
  15  0:52  Drone  
  15  0:56  Drone  
  17  0:59  Drone  
  18  1:10  Extractor  
  17  1:15  Spawning Pool  
  17  1:18  Drone  
  17  1:21  Drone  
  18  1:28  Drone  
  19  1:38  Drone  
  20  1:49  Drone  
  21  2:01  Queen, Overlord  
  21  2:02  Drone, Queen  
  26  2:10  Metabolic Boost  
  26  2:11  Drone  
  26  2:14  Zergling x2  
  28  2:21  Drone  
  28  2:22  Drone  
  30  2:32  Drone  
  31  2:40  Hatchery  
  31  2:41  Drone  
  32  2:44  Drone  
  32  2:45  Drone  
  33  2:51  Baneling Nest  
  33  2:54  Overlord  
  33  2:57  Drone  
  32  3:07  Drone x2  
  32  3:08  Drone  
  35  3:12  Queen  
  35  3:13  Zergling x2  
  35  3:15  Zergling x2  
  35  3:17  Zergling x2  
  35  3:19  Zergling x2  
  41  3:22  Drone  
  41  3:23  Drone  
  41  3:27  Drone, Evolution Chamber  
  43  3:38  Overlord  
  43  3:41  Overlord  
  43  3:42  Baneling x2  
  43  3:43  Baneling  
  43  3:51  Queen  
  43  3:53  Zergling x8  
  49  4:06  Zergling x12  
  54  4:14  Zerg Missile Weapons Level 1, Queen  
  54  4:15  Drone x2  
  57  4:17  Drone  
  57  4:23  Overlord  
  58  4:25  Drone x2  
  60  4:32  Drone x4  
  61  4:39  Drone  
  61  4:40  Drone  
  61  4:42  Baneling x2  
  61  4:44  Drone  
  64  4:49  Drone x4  
  68  4:54  Drone, Extractor x2  
  68  4:56  Overlord, Roach Warren  
  68  4:58  Drone  
  67  5:03  Overlord  
  67  5:04  Drone  
  67  5:11  Overlord  
  67  5:13  Lair  
  67  5:14  Drone  
  67  5:18  Drone x6  
  74  5:22  Drone x2  
  74  5:27  Overlord  
  76  5:31  Drone x4  
  80  5:39  Pneumatized Carapace  
  80  5:40  Overlord  
  80  5:45  Roach x5  
  80  5:49  Extractor x2  
  88  5:52  Roach  
  88  5:53  Roach x3  
  96  5:59  Roach x3  
  96  6:01  Overlord  
  96  6:03  Roach  
  104  6:07  Drone x3  
  107  6:13  Glial Reconstitution  
  107  6:17  Drone  
  107  6:18  Drone, Hatchery  
  107  6:19  Drone x3, Extractor  
  107  6:20  Drone  
  107  6:22  Overlord  
  107  6:24  Zerg Missile Weapons Level 2  
  111  6:28  Evolution Chamber  
  111  6:30  Overlord  
  111  6:31  Roach  
  112  6:36  Overlord  
  112  6:42  Overseer  
  112  6:44  Overlord  
  112  6:45  Drone x3  
  114  6:50  Overlord  
  114  6:51  Roach x4  
  122  6:54  Zerg Ground Armor Level 1  
  122  6:56  Overlord  
  122  6:59  Roach  
  123  7:06  Roach x4  
  131  7:10  Overlord  
  131  7:16  Roach x5  
  131  7:17  Ravager  
  131  7:18  Ravager  
  131  7:22  Overlord  
  143  7:24  Roach x3  
  143  7:28  Overlord  
  149  7:30  Roach x2  
  149  7:32  Ravager x2  
  149  7:36  Roach  
  161  7:37  Roach x2  
  161  7:41  Roach x3  
  166  7:47  Roach x4  
  173  7:53  Drone x3, Extractor  
  173  7:56  Overlord  
  177  7:58  Roach x3  
  183  8:05  Roach  
  183  8:06  Roach x4  
  183  8:11  Infestation Pit  
  188  8:24  Roach x4  
  188  8:25  Roach x4  
Tags
 
Add a new tag
Caveats
  • Supply blocks, unpowered buildings, or Contaminate may cause inaccurate times.
  • Supply counts are checked every 10 seconds.